 Dungeon Crawl Stone Soup version 0.31-a0-466-g98c9adc2b6 (webtiles) character file.

Game seed: 16974186458221902004

88 avis the Scratcher (level 4, 0/19 HPs)
             Began as a Felid Shapeshifter on Aug 5, 2023.
             Slain by an orc
             ... wielding a +1 flail of protection
              (8 damage)
             ... on level 3 of the Dungeon.
             The game lasted 00:09:32 (2182 turns).

avis the Scratcher (Felid Shapeshifter)             Turns: 2182, Time: 00:09:33

Health: 0/19       AC:  1    Str: 13    XL:     4   Next: 30%
Magic:  5/5        EV: 18    Int:  9    God:
Gold:   154        SH:  0    Dex: 16    Spells: 3/3 levels left
                                        Lives:  0   Deaths: 1

rFire   . .          .
                       - Unarmed
rCold   . . .        (shield unavailable)
rNeg    . . .        (body armour unavailable)
rPois   .            (helmet unavailable)
rElec   .            (cloak unavailable)
rCorr   .            (gloves unavailable)
SInv    +            (boots unavailable)
Will    .....        (no amulet)
Stlth   ++           (no ring)
HPRegen 0.23/turn    (no ring)
MPRegen 0.09/turn

%: no passive effects
@: beast-form, quick
A: beast (slay +2), very small, claws 1, fangs 3, see invisible, speed 1, shaggy
fur 1, stealthy paws, no weapons or thrown items, no armour, multi-lived
a: Begin Untransformation


You were on level 3 of the Dungeon.
You were a hulking beast.
You visited 1 branch of the dungeon, and saw 3 of its levels.

You collected 154 gold pieces.

Inventory:

Talismans
 b - a beast talisman (active)
 k - a beast talisman (active)
 o - a beast talisman (active)
Scrolls
 c - 6 scrolls of identify {unknown}
 e - a scroll of immolation {unknown}
 f - a scroll of poison {unknown}
 h - 2 scrolls of fear {unknown}
 l - a scroll of vulnerability {unknown}
 q - a scroll of teleportation {unknown}
 r - 2 scrolls of amnesia {unknown}
 s - a scroll of revelation {unknown}
Potions
 a - 2 potions of lignification
 d - a potion of haste {unknown}
 g - a potion of enlightenment {unknown}
 i - a potion of brilliance {unknown}
 j - a potion of attraction {unknown}
 m - a potion of ambrosia {unknown}
 n - a potion of degeneration {unknown}
 p - 2 potions of heal wounds {unknown}
 t - a potion of curing {unknown}


   Skills:
 + Level 2.0 Fighting
 + Level 3.6 Dodging
 - Level 3.0 Stealth
 * Level 4.0 Unarmed Combat
 + Level 3.7 Shapeshifting


You had 3 spell levels left.
You didn't know any spells.
Your spell library was empty.

Dungeon Overview and Level Annotations

Branches:
Dungeon (3/15)

Altars:
Wu Jian

Shops:
D:1 *   D:2 [   D:3 :


Innate Abilities, Weirdness & Mutations

You are a hulking beast.
Your limbs bulge with bestial killing power. (Slay +2)
You have sharp claws.
You have razor-sharp teeth.
You have supernaturally acute eyesight. (SInv)
You cover ground quickly. (Speed+)
You are covered in fur. (AC +1)
Your paws help you pounce on unaware monsters.
You are incapable of wielding weapons or throwing items.
You cannot wear armour.
You gain extra lives every three experience levels.


Message History

There is an open door here.
A dart slug comes into view.
You pounce on the unaware helpless dart slug!
You mangle the dart slug!!
You kill the dart slug!
You see here a dart slug corpse.
Found a scale mail.
A ball python comes into view.
You pounce on the unaware helpless ball python!
You claw the ball python!
You kill the ball python!
You open the door.
There is an open door here.
p - 2 golden potions (gained 1)
You now have 154 gold pieces (gained 8).
You see here 6 stones.
There is an open door here.
t - a glowing white potion
There is an open door here.
You open the door.
There is an open door here.
An orc is nearby!
The orc shouts!
You hear a shout!
The orc hits you with a +1 flail of protection!
Ouch! That really hurt!
You scratch the orc.
The orc is moderately wounded.
The orc closely misses you.
You scratch the orc but do no damage.
The orc is moderately wounded.
The orc completely misses you.
You scratch the orc but do no damage.
The orc is moderately wounded.
The orc hits you with a +1 flail of protection.
You barely miss the orc.
The orc is moderately wounded.
You scratch the orc.
The orc is severely wounded.
The orc hits you with a +1 flail of protection!
You die...

#.....#.....#.# .. +
#.#...#...#.#.# #.# #
#.#.......#.#.# #.# #
#.#.#.#.#.#.#.# #.# #
#.#.#.#.#.#.#.###.# ##
#.#.#.#.#.#....##.# ###.
#.#...#.#....o.##.####...
#.#...#.###............##
#.'.....hoo.....#.#######
###...#.###.....#.##.....
#...#.......(...##.####
#...#######..#####.†...
#.........>..# #.....
#....#######.## #.....
#....# #..# #..... #....#
##.## #.#### #####'###
#..# #.#


You could see an orc priest and 2 orcs.

Vanquished Creatures
  An orc wizard (D:2)
  3 adders
  3 gnolls (D:3)
  3 dart slugs
  4 orcs
  2 ball pythons
  6 bats
  3 endoplasms (D:1)
  2 giant cockroaches
  3 goblins
  A hobgoblin (D:2)
  4 jackals (D:1)
  2 kobolds
  3 quokkas
  2 frilled lizards
  2 rats
44 creatures vanquished.

Notes
Turn   | Place    | Note
-------+----------+-------------------------------------------
     0 | D:1      | avis the Felid Shapeshifter began the quest for the Orb.
     0 | D:1      | Reached XP level 1. HP: 9/9 MP: 2/2
    73 | D:1      | Reached skill level 1 in Stealth
    92 | D:1      | Found Wier's General Store.
   144 | D:1      | Reached XP level 2. HP: 12/12 MP: 3/3
   676 | D:2      | Reached XP level 3. HP: 11/15 MP: 4/4
   734 | D:2      | Found a faded altar of an unknown god.
   829 | D:2      | Found Wasonof's Armour Shoppe.
   929 | D:2      | Identified the +2 dagger of Bodily Harmony {flame, Dex+2}
  1072 | D:2      | Reached XP level 4. HP: 17/19 MP: 5/5
  1464 | D:3      | Slain by an orc
  1465 | D:3      | Reached XP level 3. HP: -2/16 MP: 4/4
  1593 | D:3      | Found an ornate altar of the Wu Jian Council.
  1653 | D:3      | Identified the +3 ring mail of Vojoufo {-Cast Str+4}
  1774 | D:3      | Reached XP level 4. HP: 13/19 MP: 5/5
  1813 | D:3      | Reached skill level 4 in Unarmed Combat
  1813 | D:3      | Found Plog's Book Shop.
  2182 | D:3      | Slain by an orc

Illustrated notes

Levels and vault maps discovered:
D:1:      ebering_hopf_link, layout_basic, serial_shops, shop, minmay_tripent
D:2:      layout_basic, hellmonk_ecumenical_altar_crossroads, serial_shops, shop
D:3:      layout_basic, mainiacjoe_overflow_six_doors_small, serial_shops, shop

Skill      XL: |  1  2  3  4 |
---------------+-------------+-----
Stealth        | 2 3 |  3.0
Dodging        | 3 |  3.6
Fighting       | 2 |  2.0
Unarmed Combat | 4 |  4.0
Shapeshifting  | |  3.7

Action                     |  1- 3 |  4- 6 || total
---------------------------+-------+-------++-------
  Melee: Unarmed           |    97 |    26 ||   123
         Bite              |    10 |     3 ||    13
         Punch             |     1 |       ||     1
   Stab: Sleeping          |     5 |     3 ||     8
 Armour: Skin              |     6 |       ||     6
  Dodge: Dodged            |    64 |     9 ||    73

Table legend: (Time is in decaauts)
 A = Elapsed time spent in this place.
 B = Non-inter-level travel time spent in this place.
 C = Inter-level travel time spent in this place.
 D = Time resting spent in this place.
 E = Time spent auto-exploring this place.
 F = Levels seen in this place.
 G = Mean time per level.
                   A        B        C        D        E       F      G
               +--------+--------+--------+--------+--------+-----+--------+
         Total |   1803 |   1695 |    108 |     89 |   1171 |   3 |  601.0 |
       Dungeon |   1803 |   1695 |    108 |     89 |   1171 |   3 |  601.0 |
               +--------+--------+--------+--------+--------+-----+--------+

Top non-repeatable levels by time:
     D:3: 691 daAuts
     D:1: 578 daAuts
     D:2: 533 daAuts
